 Dungeon Crawl Stone Soup version 0.22-a0-469-gf26638a (webtiles) character file.

85180 iamserjio the Black Belt (level 15, -5/137 HPs)
             Began as a Purple Draconian Monk on June 11, 2018.
             Was an Initiate of Gozag.
             Slain by an orc knight
             ... wielding a +0 glaive
              (19 damage)
             ... in a bailey.
             The game lasted 01:39:43 (37312 turns).

iamserjio the Black Belt (Purple Draconian Monk)   Turns: 37312, Time: 01:39:44

Health: -5/137     AC: 17    Str: 18    XL:     15   Next: 37%
Magic:  25/29      EV: 21    Int: 16    God:    Gozag
Gold:   7114       SH:  0    Dex: 14    Spells: 10/34 levels left

rFire    + + .     SeeInvis .     - Unarmed
rCold    . . .     Gourm    .   (shield currently unavailable)
rNeg     . . .     Faith    .   (armour unavailable)
rPois    .         Spirit   .   R - +2 hat {MR+}
rElec    +         Reflect  .   m - +2 cloak
rCorr    .         Harm     .   (gloves currently unavailable)
MR       ++++.                  T - +2 pair of boots
Stlth    ++........             D - amulet "Etegaasch" {Acrobat rElec rF++ Str+4}
HPRegen  0.32/turn              C - +3 ring of evasion
MPRegen  0.21/turn              N - ring of protection from magic

@: blade hands
A: breathe power, unfitting armour, cold-blooded, AC +9
a: Breathe Dispelling Energy, End Transformation, Potion Petition, Call
Merchant, Bribe Branch, Renounce Religion


You were in a bailey.
You worshipped Gozag.
Gozag was greatly pleased with you.
You were very hungry.
You had blades for hands.
You visited 2 branches of the dungeon, and saw 20 of its levels.
You also visited: Labyrinth, Ossuary, Bailey and Ice Cave.

You collected 7439 gold pieces.
You paid 325 gold pieces to Gozag.

Inventory:

Hand Weapons
 J - the +7 Spriggan's Knife {MR+ EV+4 Dex+4 Stlth+}
   (You found it on level 7 of the Dungeon)

   It affects your evasion (+4).
   It affects your dexterity (+4).
   It affects your resistance to hostile enchantments.
   It makes you more stealthy.
Missiles
 d - 309 arrows
 v - 5 javelins of returning (quivered)
Armour
 k - a +1 pair of gloves (melded)
 m - a +2 cloak (worn)
 R - a +2 hat of magic resistance (worn)
 T - a +2 pair of boots (worn)
 U - a scarf of cloud immunity
Jewellery
 g - an uncursed ring of see invisible
 h - an uncursed ring of flight
 l - an uncursed ring of resist corrosion
 B - an uncursed ring of ice
 C - a +3 ring of evasion (left scythe-like blade)
 D - the amulet "Etegaasch" (around neck) {Acrobat rElec rF++ Str+4}
   (You found it on level 3 of the Lair of Beasts)

   [amulet of the acrobat]

   It helps you evade while moving and waiting.
   It affects your strength (+4).
   It greatly protects you from fire.
   It insulates you from electricity.
 E - a +3 ring of intelligence
 N - a ring of protection from magic (right scythe-like blade)
 Q - an uncursed ring of protection from fire
 V - an uncursed amulet of regeneration
 W - an uncursed ring of poison resistance
 Y - an uncursed ring of positive energy
Wands
 c - a wand of iceblast (16)
 o - a wand of clouds (2)
 r - a wand of paralysis (13)
 K - a wand of digging (20)
 Z - a wand of enslavement (12)
Scrolls
 b - 12 scrolls of remove curse
 e - 5 scrolls of fog
 f - 2 scrolls of magic mapping
 j - 5 scrolls of immolation
 n - 7 scrolls of teleportation
 q - 4 scrolls of blinking
 y - 4 scrolls of fear
 F - a scroll of acquirement {unknown}
 G - a scroll of enchant armour
 L - a scroll of summoning
Potions
 i - 2 potions of might
 p - a potion of lignification {unknown}
 s - 17 potions of curing
 t - 3 potions of mutation
 u - 3 potions of magic
 w - a potion of cancellation
 x - 8 potions of heal wounds
 z - 3 potions of resistance
 A - 2 potions of berserk rage
 H - 2 potions of agility
 M - 2 potions of invisibility {unknown}
 O - 3 potions of ambrosia
 P - 8 potions of haste
Miscellaneous
 I - a fan of gales
 S - a lamp of fire
Comestibles
 a - 11 rations


   Skills:
 + Level 13.8 Fighting
 - Level 10.0 Dodging
 - Level 1.7 Stealth
 + Level 15.8 Unarmed Combat
 - Level 10.0 Spellcasting
 * Level 11.4 Transmutations
 - Level 1.0 Ice Magic
 * Level 5.9 Earth Magic
 - Level 2.0 Poison Magic


You had 10 spell levels left.
You knew the following spells:

 Your Spells              Type           Power        Failure   Level  Hunger
a - Sticks to Snakes      Tmut           #####...     8%          2    None
b - Beastly Appendage     Tmut           #####.       7%          1    None
c - Spider Form           Tmut/Pois      ####......   19%         3    None
d - Ice Form              Ice/Tmut       ####....     38%         4    ###....
f - Blade Hands           Tmut           #####.....   22%         5    #####..
g - Ozocubu's Armour      Chrm/Ice       #.......     65%         3    None
h - Statue Form           Tmut/Erth      #####....    78%         6    ######.

Your spell library contained the following spells:

 Spells                   Type           Power        Failure   Level  Hunger
 Magic Dart               Conj           #...         43%         1    None
 Fireball                 Conj/Fire      #.........   99%         5    #####..
 Conjure Flame            Conj/Fire      #.......     69%         3    None
 Bolt of Cold             Conj/Ice       #.........   100%        6    ######.
 Bolt of Magma            Conj/Fire/Erth ##........   97%         5    #####..
 Throw Flame              Conj/Fire      #.....       54%         2    None
 Throw Frost              Conj/Ice       #.....       47%         2    None
 Freezing Cloud           Conj/Ice/Air   #.........   100%        6    ######.
 Venom Bolt               Conj/Pois      ##........   99%         5    #####..
 Summon Small Mammal      Summ           #...         43%         1    None
 Iskenderun's Mystic Bla  Conj           #.......     94%         4    ###....
 Animate Dead             Necr           N/A          94%         4    ###....
 Pain                     Necr           #...         43%         1    None
 Animate Skeleton         Necr           N/A          43%         1    None
 Vampiric Draining        Necr           #.........   69%         3    None
 Freeze                   Ice            ##..         36%         1    None
 Ozocubu's Refrigeration  Ice            ##........   100%        6    ######.
 Sticky Flame             Conj/Fire      #.......     94%         4    ###....
 Summon Ice Beast         Ice/Summ       #.......     91%         4    ###....
 Call Imp                 Summ           #.......     54%         2    None
 Regeneration             Chrm/Necr      #.........   69%         3    None
 Iron Shot                Conj/Erth      ###.......   100%        6    ######.
 Throw Icicle             Conj/Ice       #.......     91%         4    ###....
 Flame Tongue             Conj/Fire      #....        43%         1    None
 Ignite Poison            Fire/Tmut/Pois ###.....     30%         3    None
 Call Canine Familiar     Summ           #.......     69%         3    None
 Metabolic Englaciation   Hex/Ice        #.........   99%         5    #####..
 Silence                  Hex/Air        #.........   99%         5    #####..
 Shatter                  Erth           ####......   100%        9    #######
 Corona                   Hex            #......      43%         1    None
 Sandblast                Erth           ####..       14%         1    None
 Simulacrum               Ice/Necr       #.........   100%        6    ######.
 Petrify                  Tmut/Erth      #####...     24%         4    ###....
 Orb of Destruction       Conj           #.........   100%        7    #######
 Leda's Liquefaction      Hex/Erth       ###.......   69%         4    ###....
 Darkness                 Hex            #.........   100%        6    ######.
 Inner Flame              Hex/Fire       #.......     69%         3    None
 Iskenderun's Battlesphe  Conj/Chrm      #.......     99%         5    #####..
 Fulminant Prism          Conj/Hex       #.........   94%         4    ###....
 Dazzling Spray           Conj/Hex       #.....       69%         3    None
 Force Lance              Conj/Tloc      #.......     94%         4    ###....
 Searing Ray              Conj           #.....       54%         2    None
 Summon Lightning Spire   Summ/Air       #.......     94%         4    ###....
 Summon Guardian Golem    Hex/Summ       #.......     69%         3    None
 Spellforged Servitor     Conj/Summ      #.........   100%        7    #######
 Summon Mana Viper        Hex/Summ       #.......     99%         5    #####..


Dungeon Overview and Level Annotations

Branches:
Dungeon (14/15)            Temple (0/1) D:6            Lair (6/6) D:10
 Shoals (0/4) Lair:4       Spider (0/4) Lair:3        Slime (0/5) Lair:5
    Orc (0/2) D:11         Vaults (0/5) D:13

Altars:
Ashenzari
Cheibriados
Elyvilon
Gozag
Makhleb
Okawaru
Qazlal
Sif Muna
Trog
Wu Jian
Xom
Zin
Jiyva

Shops:
D:12 *

Annotations:
D:10 Enish's ghost, novice NaCK
Lair:3 1 exclusion


Innate Abilities, Weirdness & Mutations

You can breathe bolts of dispelling energy.
Your rich purple scales are hard. (AC +9)
You cannot fit into any form of body armour.
You are cold-blooded and may be slowed by cold attacks.


Message History

The orc knight roars a battlecry!
The orc knight goes into a battle-frenzy!
The orc knight roars a battlecry!
The orc knight goes into a battle-frenzy!
The orc knight closely misses you. The orc knight completely misses you.
You hit the orc knight.
Your tail-slap misses the orc knight.
The orc knight is lightly wounded.
The orc knight hits you with a glaive!!
You are too injured to fight recklessly!
You barely miss the orc knight.
The orc knight is lightly wounded.
The orc knight hits you from afar with a glaive!
You slice the orc knight!!
You slash the orc knight, but do no damage.
The orc knight is moderately wounded.
The orc knight hits you with a glaive!!
* * * LOW HITPOINT WARNING * * *
The orc knight hits you from afar with a glaive!!
You die...
Your body crumbles into a pile of gold.

#.......#
#.......#
#.....#
#''$''#
##.....##
#.......#
#...o...#
#.....o.#
#....@..#
#.......#
##.....##
##'''##
#.....#
#..)..#
#...).#
#.))).#
#..)..#


You could see 2 orc knights.

Vanquished Creatures
  Rupert (Lair:6)
  A tentacled monstrosity (D:13)
  A very ugly thing (D:13)
  A minotaur (Lab)
  An ice dragon (Lair:4)
  4 catoblepae
  The ghost of jerryfan the Covert, a journeyman HaGl of Dithmenos (D:14)
  7 hydras
  An anaconda (Lair:5)
  A centaur warrior (D:14)
  3 two-headed ogres
  15 death yaks
  Urug (D:11)
  2 unseen horrors (D:11)
  5 ugly things
  A necromancer (IceCv)
  Pikel (D:6)
  A deep elf mage (D:13)
  2 orc knights (Bailey)
  3 manticores
  An oklob plant (Lair:3)
  A faun (Lair:5)
  2 cyclopes (D:11)
  An orb spider (Lair:3)
  A merfolk siren (Lair:4)
  7 black mambas
  An ice statue (IceCv)
  A centaur zombie (D:12)
  7 spiny frogs
  8 elephants
  Joseph (D:8)
  3 gargoyles
  2 rime drakes
  A centaur skeleton (D:11)
  4 komodo dragons
  10 freezing wraiths (IceCv)
  A kobold demonologist (D:13)
  3 demonic crawlers (D:13)
  4 trolls
  A hornet (D:12)
  4 slime creatures (D:12)
  4 polar bears
  A large abomination (D:13)
  6 blink frogs (Lair:6)
  12 hippogriffs
  A spriggan (D:7)
  2 shadows
  A wyvern (Lair:4)
  2 redbacks (Lab)
  2 wraiths
  A basilisk (Lair:1)
  60 yaks
  A death yak simulacrum (IceCv)
  5 small abominations (D:13)
  A neqoxec (D:13)
  A steam dragon (D:10)
  2 acid dragons
  A soldier ant (D:12)
  Edmund (D:6)
  13 water moccasins
  7 porcupines
  17 orc warriors
  18 ice beasts
  3 slaves (D:6)
  2 black bears (D:9)
  An alligator simulacrum (IceCv)
  5 sky beasts
  2 necrophages
  A phantom (D:5)
  7 ogres
  16 crocodiles
  25 wolves
  6 centaurs
  3 big kobolds
  12 bullfrogs
  2 wyvern skeletons
  4 scorpions
  A water moccasin skeleton (D:5)
  16 killer bees
  7 wights
  9 howler monkeys
  6 electric eels
  7 crimson imps
  A bullfrog zombie (D:10)
  2 draconian simulacra (IceCv)
  2 quasits
  4 jellies
  6 orc priests
  5 iguanas
  20 orc wizards
  3 spriggan simulacra (IceCv)
  10 worker ants
  4 troll simulacra (IceCv)
  2 polar bear simulacra (IceCv)
  2 centaur simulacra (IceCv)
  A hound zombie (D:6)
  12 mummies (Ossuary)
  8 adders
  7 gnolls
  A river rat (D:5)
  3 ogre simulacra (IceCv)
  6 naga simulacra (IceCv)
  15 white imps
  3 oozes
  An adder zombie (D:4)
  6 worms
  2 dart slugs
  5 leopard geckos
  75 orcs
  2 ball pythons
  14 giant cockroaches
  9 goblins
  2 hobgoblins
  7 jackals
  3 quokkas
  12 bats
  6 frilled lizards
  3 gnoll skeletons (Ossuary)
  A goblin skeleton (Ossuary)
  19 kobolds
  3 kobold skeletons (Ossuary)
  An orc skeleton (Ossuary)
  5 rats
  11 rat skeletons (Ossuary)
  A fungus (Lair:6)
716 creatures vanquished.

Vanquished Creatures (collateral kills)
  A two-headed ogre (D:10)
  A wraith (D:10)
  A water moccasin (D:10)
  A black bear (D:10)
  A sky beast (D:10)
  An orc warrior (D:10)
  An electric eel (D:10)
  2 howler monkeys (D:10)
9 creatures vanquished.

Vanquished Creatures (others)
  2 dancing weapons (D:13)
  A wight (D:12)
  7 fungi
  13 plants
23 creatures vanquished.

Grand Total: 748 creatures vanquished

Notes
Turn   | Place    | Note
-------+----------+-------------------------------------------
     0 | D:1      | iamserjio the Draconian Monk began the quest for the Orb.
     0 | D:1      | Reached XP level 1. HP: 19/19 MP: 1/1
    83 | D:1      | Reached XP level 2. HP: 26/26 MP: 2/2
   882 | D:2      | Reached XP level 3. HP: 13/33 MP: 3/3
  1559 | D:2      | Reached skill level 4 in Unarmed Combat
  2197 | D:1      | Reached XP level 4. HP: 31/40 MP: 4/4
  2565 | D:3      | Learned a level 2 spell: Sticks to Snakes
  3069 | D:3      | Reached XP level 5. HP: 46/46 MP: 5/5
  3262 | D:3      | You fall through a shaft for 3 floors!
  3282 | D:6      | Noticed a sky beast
  3306 | D:6      | Noticed Edmund
  3333 | D:6      | Killed Edmund
  3333 | D:6      | Reached skill level 5 in Unarmed Combat
  3333 | D:6      | Reached skill level 1 in Spellcasting
  3333 | D:6      | Reached skill level 1 in Transmutations
  3351 | D:6      | Killed a sky beast
  3351 | D:6      | Reached XP level 6. HP: 24/52 MP: 8/8
  3462 | D:6      | Noticed a slave
  3568 | D:6      | Learned a level 1 spell: Beastly Appendage
  3572 | D:6      | Learned a level 3 spell: Spider Form
  3701 | D:5      | Entered Level 5 of the Dungeon
  3751 | D:5      | Found an opulent altar of Gozag.
  3751 | D:5      | Found an ornate altar of the Wu Jian Council.
  3752 | D:5      | Found a burning altar of Makhleb.
  3757 | D:5      | Became a worshipper of Gozag Ym Sagoz the Greedy
  3922 | D:5      | Reached skill level 6 in Unarmed Combat
  4020 | D:5      | Found a sand-covered staircase.
  4032 | Ossuary  | Entered an ossuary
  4702 | Ossuary  | Your scales start taking on a rich purple colour.
  4702 | Ossuary  | Reached XP level 7. HP: 55/60 MP: 11/11
  6198 | D:4      | Learned a level 4 spell: Ice Form
  6380 | D:4      | Reached skill level 5 in Fighting
  6620 | D:4      | Reached skill level 7 in Unarmed Combat
  6719 | D:4      | Found a snail-covered altar of Cheibriados.
  6814 | D:4      | Reached XP level 8. HP: 52/68 MP: 14/14
  7871 | D:5      | Reached skill level 8 in Unarmed Combat
  8025 | D:5      | Found a bloodstained altar of Trog.
  8042 | D:5      | Reached skill level 5 in Spellcasting
  8522 | D:6      | Found a staircase to the Ecumenical Temple.
  9059 | D:6      | Found an iron altar of Okawaru.
  9059 | D:6      | Found a shattered altar of Ashenzari.
  9394 | D:6      | Reached XP level 9. HP: 75/75 MP: 17/17
  9411 | D:6      | Noticed Pikel
  9431 | D:6      | Killed Pikel
  9431 | D:6      | Reached skill level 5 in Transmutations
  9546 | D:6      | Learned a level 1 spell: Animate Skeleton
  9619 | D:6      | Reached skill level 9 in Unarmed Combat
  9898 | D:7      | Found the +7 Spriggan's Knife {MR+ EV+4 Dex+4 Stlth+}
 10361 | D:7      | Found a white marble altar of Elyvilon.
 10583 | D:8      | Found a stormy altar of Qazlal.
 10757 | D:8      | Noticed a two-headed ogre
 11415 | D:8      | Reached skill level 10 in Unarmed Combat
 11580 | D:8      | Noticed a two-headed ogre
 11746 | D:8      | Killed a two-headed ogre
 11746 | D:8      | Reached skill level 1 in Poison Magic
 11746 | D:8      | Reached XP level 10. HP: 38/86 MP: 19/19
 12339 | D:8      | Noticed Joseph
 12353 | D:8      | Killed Joseph
 13309 | D:9      | Reached skill level 1 in Ice Magic
 14481 | D:9      | Reached skill level 11 in Unarmed Combat
 14568 | D:9      | Found a glowing silver altar of Zin.
 14824 | D:10     | Entered Level 10 of the Dungeon
 14952 | D:10     | Noticed Enish's ghost (novice NaCK)
 15368 | D:10     | Killed a two-headed ogre
 15368 | D:10     | Reached XP level 11. HP: 84/95 MP: 18/20
 15832 | D:10     | Learned a level 5 spell: Blade Hands
 15913 | D:10     | Reached skill level 5 in Dodging
 15996 | D:10     | Found a staircase to the Lair.
 16173 | D:10     | Got a crude quarterstaff
 16380 | Lair:1   | Entered Level 1 of the Lair of Beasts
 16453 | Lair:1   | Found a frozen archway.
 16500 | IceCv    | Entered an ice cave
 18397 | IceCv    | Reached skill level 10 in Fighting
 18513 | IceCv    | Found an ancient bone altar of Kikubaaqudgha.
 18786 | IceCv    | Noticed a necromancer
 18795 | IceCv    | Killed a necromancer
 19198 | Lair:1   | Learned a level 3 spell: Ozocubu's Armour
 19304 | Lair:1   | Reached XP level 12. HP: 72/106 MP: 22/22
 19452 | Lair:1   | Reached skill level 12 in Unarmed Combat
 20222 | Lair:2   | Noticed an eight-headed hydra
 20440 | Lair:2   | HP: 2/107 [eight-headed hydra (11)]
 20443 | Lair:2   | Killed an eight-headed hydra
 21669 | Lair:3   | Identified the +9 quarterstaff of Responsibility {flame, Int-2 Dex+6 SInv} (You found it on level 10 of the Dungeon)
 21813 | Lair:3   | Found a hole to the Spider Nest.
 22001 | Lair:3   | Reached skill level 10 in Transmutations
 22026 | Lair:3   | Noticed a death yak
 22157 | Lair:3   | Killed a death yak
 22315 | Lair:3   | Noticed a death yak
 22362 | Lair:3   | Noticed a catoblepas
 22366 | Lair:3   | Noticed a death yak
 22366 | Lair:3   | Noticed a death yak
 22366 | Lair:3   | Noticed a death yak
 22394 | Lair:2   | Killed a catoblepas
 22464 | Lair:3   | Killed a death yak
 22465 | Lair:3   | Noticed a death yak
 22476 | Lair:2   | Killed a death yak
 22898 | Lair:3   | Killed a death yak
 22902 | Lair:3   | Killed a death yak
 22909 | Lair:3   | Killed a death yak
 22909 | Lair:3   | Reached skill level 13 in Unarmed Combat
 22909 | Lair:3   | Reached XP level 13. HP: 53/116 MP: 21/25
 24240 | Lair:4   | Found a labyrinth entrance.
 24250 | Lab      | Entered a labyrinth
 24672 | Lab      | Noticed a minotaur
 24689 | Lab      | Killed a minotaur
 25113 | Lair:4   | Found a staircase to the Shoals.
 26860 | Lair:5   | Found a viscous altar of Jiyva.
 26860 | Lair:5   | Found a staircase to the Slime Pits.
 27028 | Lair:5   | Reached skill level 14 in Unarmed Combat
 27886 | Lair:6   | Entered Level 6 of the Lair of Beasts
 28250 | Lair:6   | Reached XP level 14. HP: 78/127 MP: 27/27
 28502 | Lair:5   | Reached skill level 10 in Spellcasting
 28838 | Lair:6   | Noticed Rupert
 28864 | Lair:6   | Killed Rupert
 29678 | Lair:6   | Reached skill level 15 in Unarmed Combat
 30988 | Lair:6   | Learned a level 6 spell: Statue Form
 31149 | D:11     | Reached skill level 10 in Dodging
 31160 | D:11     | Reached skill level 1 in Earth Magic
 31414 | Lair:3   | Got a coiled crystal amulet
 31762 | D:11     | Noticed Urug
 31774 | D:11     | Killed Urug
 31924 | D:11     | Found a staircase to the Orcish Mines.
 32312 | D:11     | Identified the Tome of Ashen Transformation
 33831 | D:12     | Identified the amulet "Etegaasch" {Acrobat rElec rF++ Str+4} (You found it on level 3 of the Lair of Beasts)
 33894 | D:12     | Found Yxinit's Pet Rocks.
 34048 | D:12     | Found a deep blue altar of Sif Muna.
 34165 | D:12     | Paralysed by a hornet for 1 turns
 34489 | D:13     | Reached XP level 15. HP: 136/136 MP: 23/29
 35385 | D:13     | Found a gate to the Vaults.
 35428 | D:13     | Found a shimmering altar of Xom.
 35428 | D:13     | Found a shimmering altar of Xom.
 35428 | D:13     | Found a shimmering altar of Xom.
 35428 | D:13     | Found a shimmering altar of Xom.
 35429 | D:13     | Found a shimmering altar of Xom.
 35429 | D:13     | Found a shimmering altar of Xom.
 35430 | D:13     | Found a shimmering altar of Xom.
 35430 | D:13     | Found a shimmering altar of Xom.
 35476 | D:13     | Found a runed door.
 35992 | D:13     | Reached skill level 5 in Earth Magic
 36365 | D:13     | Noticed a tentacled monstrosity
 36376 | D:13     | Killed a tentacled monstrosity
 36623 | D:14     | Noticed jerryfan's ghost (journeyman HaGl)
 36637 | D:14     | Killed jerryfan's ghost
 36644 | D:14     | Identified Ykkifaeg's Guide on Poisonous Beguiling
 36838 | D:14     | Found a flagged portal.
 36854 | Bailey   | Entered a bailey
 37312 | Bailey   | Slain by an orc knight

Vault maps used:
D:1:      minmay_arrival_five_plusses, roderic_roman_lattice
D:3:      kennysheep_generic_room_15
D:4:      kennysheep_slug_shrine
D:5:      nicolae_overflow_quartered_altars, first_ration, portal_sewer_entry_a,
          lightli_ossuary_entry_decrepit_ruins
D:6:      gammafunk_temple_overflow_elements, minmay_temple_entry_glass,
          uniq_pikel, uniq_edmund
D:7:      the_bakery, minmay_misc_feat_roman, hex_tiny, elyvilon_altar_3
D:8:      grunt_qazlal_sundering, uniq_joseph
D:9:      marbit_many_paths
D:10:     lair_entry_dummy, minmay_misc_feat_pillars, evilmike_butchery
D:11:     orc_0_dummy, eino_jars, uniq_urug
D:12:     basic_altar, guppyfry_shop_earth
D:13:     cheibrodos_body_horror, erik_vaults_1, nrook_uturn, xom_shifter_show
D:14:     enter_bailey_3
Lair:1:   portal_ice_cave_entry_ice_beasts, lightli_volcano_entry_magma_tube,
          beast_lair_carwin_11
Lair:2:   minivault_19, cheibrodos_lair_lostbears
Lair:3:   dpeg_oklob_gauntlet, nicolae_spider_entry_orb_guardian,
          disabler_island, lemuel_fruit_tree, serial_bayou_shore_a
Lair:4:   minmay_shoals_entry_lonely_mermaid, lab_entry_generic,
          bobbens_ice_dragon_lair, infiniplex_staircase_pool_2
Lair:5:   beast_lair_carwin_large_1, slime_altar_1,
          nicolae_lair_grove_arrangements, grunt_forest_large_clearings
Lair:6:   evilmike_catoblepas_cave, uniq_rupert
Lab:      labyrinth_mini_lab, nicolae_lab_diamond, nicolae_lab_do_over,
          nicolae_lab_grate, lab_fountain
Ossuary:  ossuary_due_small_catacomb
Bailey:   bailey_polearm_5, bailey
IceCv:    ice_cave_small_necro

Skill      XL: |  1  2  3  4  5  6  7  8  9 10 11 12 13 14 15 |
---------------+----------------------------------------------+-----
Dodging        | 3 4 6 7 9 10 | 10.0
Unarmed Combat | 4 5 6 7 8 10 11 13 14 15 | 15.8
Fighting       | 4 5 7 8 10 11 12 13 | 13.8
Spellcasting   | 1 2 4 5 6 8 9 10 | 10.0
Transmutations | 2 3 4 6 7 9 10 11 | 11.4
Poison Magic   | 1 2 |  2.0
Ice Magic      | 1 |  1.0
Earth Magic    | 4 5 |  5.9
Stealth        | |  1.7

Action                   |  1- 3 |  4- 6 |  7- 9 | 10-12 | 13-15 || total
-------------------------+-------+-------+-------+-------+-------++-------
Melee: Unarmed           |   140 |   193 |   644 |   804 |  1230 ||  3011
       Tailslap          |    16 |    21 |    66 |    75 |   132 ||   310
       Punch             |     4 |     8 |    26 |    38 |    83 ||   159
Throw: Stone             |     1 |     1 |       |     3 |       ||     5
       Javelin           |       |       |       |     1 |     6 ||     7
 Cast: Spider Form       |       |       |     7 |    17 |     4 ||    28
       Animate Skeleton  |       |       |       |     2 |       ||     2
       Ice Form          |       |       |       |    17 |    11 ||    28
       Blade Hands       |       |       |       |     5 |    39 ||    44
Invok: Potion Petition   |       |       |     1 |       |     1 ||     2
 Abil: Breathe Dispellin |       |       |       |       |     1 ||     1
       Evoke Flight      |       |       |       |       |     1 ||     1
       End Transformatio |       |       |       |       |     1 ||     1
Evoke: Wand              |       |       |     4 |    29 |    35 ||    68
       Lamp of fire      |       |       |       |     1 |     2 ||     3
  Use: Potion            |     1 |     3 |     1 |     2 |     4 ||    11
       Scroll            |       |       |    12 |    13 |    21 ||    46
 Stab: Sleeping          |     4 |     5 |     9 |     3 |     1 ||    22
       Distracted        |       |       |       |     4 |    10 ||    14
       Confused          |       |       |       |       |     3 ||     3
  Eat: Chunk             |     3 |     7 |       |     1 |       ||    11
       Ration            |       |       |     7 |    12 |    17 ||    36
Armor: Skin              |    38 |    31 |   108 |   159 |   291 ||   627
Dodge: Dodged            |   102 |    97 |   389 |   639 |  1104 ||  2331

Table legend:
 A = Spawn XP
 B = Non-spawn XP
 C = Spawn XP percentage of total XP
 D = Spawn monster count
 E = Non-spawn monster count
 F = Spawn count percentage of total count
 G = Total turns spent on level
                    A         B        C        D         E        F      G
               +---------+---------+-------+---------+---------+-------+---------
         Total |       0 |  121686 |   0.0 |       0 |     722 |   0.0 | 37312
               +---------+---------+-------+---------+---------+-------+---------
           D:1 |       0 |      66 |   0.0 |       0 |      15 |   0.0 |   900
           D:2 |       0 |      56 |   0.0 |       0 |      24 |   0.0 |  1400
           D:3 |       0 |      86 |   0.0 |       0 |      20 |   0.0 |  1200
           D:4 |       0 |     840 |   0.0 |       0 |      32 |   0.0 |  1647
           D:5 |       0 |     706 |   0.0 |       0 |      26 |   0.0 |  1169
           D:6 |       0 |    1762 |   0.0 |       0 |      28 |   0.0 |  1902
           D:7 |       0 |     651 |   0.0 |       0 |      10 |   0.0 |  1064
           D:8 |       0 |    2922 |   0.0 |       0 |      37 |   0.0 |  2352
           D:9 |       0 |    2671 |   0.0 |       0 |      24 |   0.0 |  2009
          D:10 |       0 |    3141 |   0.0 |       0 |      31 |   0.0 |  1182
          D:11 |       0 |   11055 |   0.0 |       0 |      64 |   0.0 |  1715
          D:12 |       0 |    6146 |   0.0 |       0 |      27 |   0.0 |  1737
          D:13 |       0 |   14047 |   0.0 |       0 |      48 |   0.0 |  1700
          D:14 |       0 |    2250 |   0.0 |       0 |       8 |   0.0 |   238
        Lair:1 |       0 |    5320 |   0.0 |       0 |      28 |   0.0 |  1782
        Lair:2 |       0 |    7235 |   0.0 |       0 |      18 |   0.0 |  1529
        Lair:3 |       0 |    8829 |   0.0 |       0 |      24 |   0.0 |  2463
        Lair:4 |       0 |    6877 |   0.0 |       0 |      28 |   0.0 |  1203
        Lair:5 |       0 |   13485 |   0.0 |       0 |      53 |   0.0 |  2515
        Lair:6 |       0 |   22747 |   0.0 |       0 |      52 |   0.0 |  2440
           Lab |       0 |    1672 |   0.0 |       0 |       3 |   0.0 |   476
       Ossuary |       0 |     232 |   0.0 |       0 |      30 |   0.0 |  1701
        Bailey |       0 |    2585 |   0.0 |       0 |      38 |   0.0 |   458
         IceCv |       0 |    6305 |   0.0 |       0 |      54 |   0.0 |  2530
               +---------+---------+-------+---------+---------+-------+---------
